 Dungeon Crawl Stone Soup version 0.23-a0-703-gdf2d5e0 (webtiles) character file.

1 DrEnzyme the Magician (level 1, -1/13 HPs)
             Began as a Mummy Wanderer on Jan 14, 2019.
             Slain by a hobgoblin (2 damage)
             ... on level 1 of the Dungeon.
             The game lasted 00:01:02 (59 turns).

DrEnzyme the Magician (Mummy Wanderer)                Turns: 59, Time: 00:01:03

Health: -1/13      AC:  2    Str: 13    XL:     1   Next: 16%
Magic:  4/4        EV: 12    Int: 11    God:
Gold:   6          SH:  0    Dex: 13    Spells: 4/5 levels left

rFire    x . .     SeeInvis .   e - +0 dagger
rCold    + . .     Gourm    .   (no shield)
rNeg     + + +     Faith    .   c - +0 robe
rPois    ∞         Spirit   .   (no helmet)
rElec    .         Reflect  .   (no cloak)
rCorr    .         Harm     .   (no gloves)
MR       .....                  (no boots)
Stlth    ++........             (no amulet)
HPRegen  0.04/turn              (no ring)
MPRegen  0.09/turn              (no ring)

@: no status effects
A: no food or potions, fire vulnerability, cold resistance 1, negative energy
resistance 3, torment resistance, unbreathing
a: no special abilities


You were on level 1 of the Dungeon.
You were not hungry.

You visited 1 branch of the dungeon, and saw 1 of its levels.

You collected 6 gold pieces.

Inventory:

Hand Weapons
 d - a +0 club
 e - a +0 dagger (weapon)
Armour
 c - a +0 robe (worn)
Scrolls
 b - 2 scrolls of teleportation


   Skills:
 * Level 0.1 Fighting
 - Level 1.0 Dodging
 - Level 2.4 Stealth
 - Level 1.0 Unarmed Combat
 * Level 2.8 Spellcasting
 + Level 1.0 Conjurations
   Level 2.0 Necromancy


You had 4 spell levels left.
You knew the following spells:

 Your Spells              Type           Power        Failure   Level  Hunger
a - Magic Dart            Conj           #...         19%         1    N/A

Your spell library contained the following spells:

 Spells                   Type           Power        Failure   Level  Hunger
 Blink                    Tloc           N/A          38%         2    N/A
 Call Imp                 Summ           #.......     38%         2    N/A
 Slow                     Hex            #.......     38%         2    N/A
 Conjure Flame            Conj/Fire      #.......     54%         3    N/A
 Mephitic Cloud           Conj/Pois/Air  #.......     56%         3    N/A

Dungeon Overview and Level Annotations

Branches:
Dungeon (1/15)

Altars:


Innate Abilities, Weirdness & Mutations

You do not eat or drink.
Your flesh is vulnerable to fire.
You are immune to poison.
Your flesh is cold resistant. (rC+)
You are immune to negative energy. (rN+++)
You are immune to unholy pain and torment.
You can survive without breathing.


Message History

A hobgoblin comes into view.
The hobgoblin shouts!
A giant cockroach comes into view.
You see here a scroll labeled DENARU XOSKE.
You hit the hobgoblin.
The hobgoblin is heavily wounded.
The hobgoblin hits you.
You hit the hobgoblin but do no damage.
The hobgoblin is heavily wounded.
The hobgoblin hits you. The giant cockroach closely misses you.
You barely miss the hobgoblin.
The hobgoblin is heavily wounded.
The hobgoblin hits you. The giant cockroach misses you.
The giant cockroach bites you but does no damage.
The hobgoblin hits you.
* * * LOW HITPOINT WARNING * * *
You closely miss the hobgoblin.
The hobgoblin is heavily wounded.
The hobgoblin hits you.
You die...

#....(.....
#..?.......
#..........
#..........
#..........
##..........
#s..........
#g########+#
########@########
#P.............P#
#≈P...........P≈#
#≈≈P.........P≈≈#
#≈≈≈P.......P≈≈≈#
#≈≈≈≈P.....P≈≈≈≈#
#≈≈≈≈≈P.<.P≈≈≈≈≈#
#≈≈≈≈P.†...P≈≈≈≈#
#≈≈≈P.......P≈≈≈#


You could see a giant cockroach and a hobgoblin.

Vanquished Creatures
  A bat (D:1)
1 creature vanquished.

Notes
Turn   | Place    | Note
-------+----------+-------------------------------------------
     0 | D:1      | DrEnzyme the Mummy Wanderer began the quest for the Orb.
     0 | D:1      | DrEnzyme set off with the following items: 2 scrolls of
                  | teleportation, a +0 robe, a +0 club, a +0 dagger; and the
                  | following spell memorised: Magic Dart; and the following
                  | spells available to memorise: Blink, Call Imp, Slow,
                  | Conjure Flame, Mephitic Cloud
     0 | D:1      | Reached XP level 1. HP: 13/13 MP: 4/4
    59 | D:1      | Slain by a hobgoblin

Vault maps used:
D:1:      eino_arrival_druids_welcome

Action                   || total
-------------------------++-------
Melee: Club              ||     7
       Dagger            ||     5
Armor: Robe              ||    12
Dodge: Dodged            ||    16

Table legend:
 A = Non-vault XP
 B = Vault XP
 C = Vault XP percentage of total XP
 D = Non-vault monster count
 E = Vault monster count
 F = Vault count percentage of total count
                 A         B        C        D         E       F
            +---------+---------+-------+---------+---------+-------
      Total |       2 |       0 |   0.0 |       1 |       0 |   0.0
            +---------+---------+-------+---------+---------+-------
        D:1 |       2 |       0 |   0.0 |       1 |       0 |   0.0
            +---------+---------+-------+---------+---------+-------
